 Dungeon Crawl Stone Soup version 0.30-a0-1163-gf69bf04e7a (webtiles) character file.

Game seed: 731432015145262316

180878 Morbidden the Thaumaturge (level 18, -4/138 HPs)
             Began as a Vine Stalker Fire Elementalist on Apr 28, 2023.
             Was the Champion of Cheibriados.
             Succumbed to a naga mage's bolt of poison
             ... on level 4 of the Snake Pit.
             The game lasted 01:01:29 (28734 turns).

Morbidden the Thaumaturge (VSFE)                   Turns: 28734, Time: 01:01:29

Health: -4/138     AC: 22    Str: 25    XL:     18   Next: 28%
Magic:  1/36       EV: 21    Int: 36    God:    Cheibriados [******]
Gold:   2646       SH: 17    Dex: 33    Spells: 24/44 levels left

rFire   . . .        a - +10 morningstar "Eos" {elec, Halo rElec}
rCold   . . .        L - +2 kite shield {AC+3}
rNeg    + . .        D - +4 troll leather armour {Snorg}
rPois   .            B - +0 helmet
rElec   +            M - +2 cloak
rCorr   .            w - +1 pair of gloves
SInv    .            Y - +0 pair of boots
Will    ++...        y - amulet of magic regeneration Stlth
                     V - ring of the Octopus King {rN+ HP+2 AC+2 EV+2 SH+2}
HPRegen 2.03/turn    R - +4 ring of slaying
MPRegen 0.65/turn

%: guardian spirit
@: berserking (expiring), lethally poisoned (-4 -> -18), glowing, very slow
A: fangs 3, regeneration 1, magic shield, antimagic bite, no potion heal 2
a: Renounce Religion, Bend Time, Temporal Distortion, Slouch, Step From Time


You were on level 4 of the Snake Pit.
You worshipped Cheibriados.
Cheibriados was exalted by your worship.
You visited 5 branches of the dungeon, and saw 27 of its levels.
You also visited: Ice Cave.

You collected 3081 gold pieces.
You spent 435 gold pieces at shops.

Inventory:

Hand Weapons
 a - the +10 morningstar "Eos" (weapon) {elec, Halo rElec}
   (You found it on level 2 of the Dungeon)

   Halo:      It grants its wielder a halo, revealing invisible creatures and
   increasing accuracy against all within it other than the wielder.
   rElec:     It insulates you from electricity.
 b - a +2 demon whip of venom
Missiles
 d - 9 boomerangs (quivered)
 n - 34 poisoned darts
 v - 12 javelins
 K - a throwing net
 T - 5 curare-tipped darts
Armour
 f - a +0 tower shield
 g - a +2 kite shield of cold resistance
 w - a +1 pair of gloves (worn)
 B - a +0 helmet (worn)
 D - a +4 troll leather armour (worn) {Snorg}
 L - a +2 kite shield of protection (worn)
 M - a +2 cloak (worn)
 Y - a +0 pair of boots (worn)
 Z - a +3 plate armour of fire resistance
Jewellery
 y - an amulet of magic regeneration (around neck)
 z - a +6 ring of intelligence
 G - a ring of flight
 H - a +6 ring of intelligence
 O - a +4 ring of protection
 R - a +4 ring of slaying (right hand)
 V - a ring of the Octopus King (left hand) {rN+ HP+2 AC+2 EV+2 SH+2}
   (You found it on level 5 of the Lair of Beasts)

   [ring of positive energy]

   AC:        It affects your AC (+2).
   EV:        It affects your evasion (+2).
   rN:        It protects you from negative energy.
   HP:        It affects your health (+2).
   SH:        It affects your SH (+2).
Wands
 k - a wand of flame (87)
 r - a wand of digging (6)
 u - a wand of paralysis (16)
 E - a wand of roots (17)
 P - a wand of polymorph (12)
 Q - a wand of mindburst (19)
Scrolls
 i - 2 scrolls of silence
 l - 4 scrolls of amnesia
 m - 2 scrolls of identify
 o - 4 scrolls of enchant weapon
 p - 5 scrolls of enchant armour
 s - a scroll of fog
 x - 3 scrolls of teleportation
 A - 3 scrolls of magic mapping
 C - a scroll of brand weapon
 F - a scroll of torment
 W - 3 scrolls of poison
 X - a scroll of blinking
Potions
 c - 6 potions of flight
 e - 11 potions of curing
 h - 4 potions of mutation
 j - a potion of resistance
 q - 6 potions of brilliance
 t - 6 potions of heal wounds
 I - 2 potions of cancellation
 J - 3 potions of ambrosia
 N - 3 potions of might
 U - 3 potions of berserk rage
Miscellaneous
 S - a box of beasts (inert)


   Skills:
 * Level 8.0 Fighting
 + Level 5.0 Short Blades
 * Level 10.9 Maces & Flails
 + Level 0.6 Throwing
 * Level 7.7 Armour
 * Level 7.6 Dodging
 + Level 3.7 Stealth
 * Level 4.2 Shields
 * Level 13.6 Spellcasting
 * Level 9.1 Conjurations
 * Level 7.7 Summonings
 * Level 7.6 Translocations
 * Level 9.5 Fire Magic
 * Level 7.7 Air Magic
 + Level 5.8 Earth Magic
 * Level 8.0 Invocations
 * Level 8.0 Evocations


You had 24 spell levels left.
You knew the following spells:

 Your Spells              Type           Power      Damage    Failure   Level
a - Airstrike             Air            34%        2d(5-21)  1%          4
b - Manifold Assault      Tloc           68%        N/A       1%          4
c - Volatile Blastmotes   Fire/Tloc      100%       2d18      1%          3
d - Stone Arrow           Conj/Erth      100%       3d13      1%          3
e - Scorch                Fire           100%       2d9       1%          2
x - Call Canine Familiar  Summ           69%        N/A       1%          3
z - Foxfire               Conj/Fire      100%       2x1d9     1%          1

Your spell library contained the following spells:

 Spells                   Type           Power      Damage    Failure   Level
 Kiss of Death            Conj/Necr      100%       2d13      1%          1
 Magic Dart               Conj           100%       1d8       1%          1
 Sandblast                Erth           100%       2d20      1%          1
 Call Imp                 Summ           100%       N/A       1%          2
 Lesser Beckoning         Tloc           100%       N/A       1%          2
 Passwall                 Tmut/Erth      37%        N/A       1%          2
 Poisonous Vapours        Pois/Air       100%       N/A       1%          2
 Searing Ray              Conj           100%       2d8       1%          2
 Static Discharge         Conj/Air       100%       2-7/arc   1%          2
 Gell's Gravitas          Tloc           68%        N/A       1%          3
 Inner Flame              Hex/Fire       56%        N/A       1%          3
 Mephitic Cloud           Conj/Pois/Air  60%        N/A       1%          3
 Teleport Other           Tloc           68%        N/A       1%          3
 Flame Wave               Conj/Fire      75%        2d17      1%          4
 Summon Lightning Spire   Summ/Air       69%        N/A       1%          4
 Portal Projectile        Hex/Tloc       100%       N/A       2%          3
 Sting                    Tmut/Pois      96%        1d7       3%          1
 Ensorcelled Hibernation  Hex/Ice        48%        N/A       5%          2
 Sublimation of Blood     Necr           24%        N/A       5%          2
 Fulminant Prism          Conj/Hex       27%        3d14      5%          4
 Confusing Touch          Hex            24%        N/A       11%         3
 Ozocubu's Armour         Ice            24%        N/A       11%         3
 Spider Form              Tmut/Pois      24%        N/A       11%         3
 Leda's Liquefaction      Hex/Erth       22%        N/A       11%         4
 Petrify                  Tmut/Erth      45%        N/A       11%         4
 Irradiate                Conj/Tmut      27%        3d20      16%         5
 Dispersal                Tloc           34%        N/A       24%         6
 Anguish                  Hex/Necr       12%        N/A       36%         4
 Dispel Undead            Necr           24%        3d12      36%         4
 Olgreb's Toxic Radiance  Pois           24%        N/A       36%         4
 Metabolic Englaciation   Hex/Ice        12%        N/A       71%         5
 Simulacrum               Ice/Necr       12%        N/A       99%         6
 Disjunction              Tloc           34%        N/A       100%        8


Dungeon Overview and Level Annotations

Branches:
Dungeon (15/15)            Temple (1/1) D:7            Lair (5/5) D:11
 Shoals (0/4) Lair:2        Snake (4/4) Lair:3        Slime (0/5) Lair:4
    Orc (2/2) D:9             Elf (0/3) Orc:2        Vaults (0/5) D:13
 Depths (0/4) D:15          IceCv (visited)

Altars:
Ashenzari
Cheibriados
Dithmenos
Hepliaklqana
Kikubaaqudgha
Makhleb
Nemelex Xobeh
Okawaru
Qazlal
Ru
Sif Muna
Trog
Uskayaw
Vehumet
Wu Jian
Xom
Yredelemnul
Zin
Jiyva

Shops:
D:5 ?   D:8 (   D:14 *   Orc:1 *   Orc:2 ((:[

Annotations:
D:3 1 runed translucent door, paps's ghost, amateur OpSu
D:10 6 runed translucent doors, exclusion: ice statue
Lair:1 2 transporters


Innate Abilities, Weirdness & Mutations

You have razor-sharp teeth.
Your natural rate of healing is unusually fast.
When hurt, damage is shared between your health and your magic reserves.
Your bite disrupts and absorbs the magic of your enemies.
Potions cannot restore your health.


Message History

The bolt hits you!
* * * LOW HITPOINT WARNING * * *
You block the naga mage's attack.
The naga sharpshooter shoots a bolt.
The bolt completely misses you.
Unknown command.
Unknown command.
You thump the naga sharpshooter! You bite the naga sharpshooter!!
The naga sharpshooter's magic leaks into the air.
You drain its magic.
You feel invigorated.
The naga sharpshooter is moderately wounded.
* * * LOW HITPOINT WARNING * * *
You feel very sick. The naga mage casts a spell at you.
The bolt of poison misses you.
The naga sharpshooter falters for a moment.
The naga sharpshooter unwields a +0 scimitar.
The naga sharpshooter wields a +0 longbow.
The naga sharpshooter gestures wildly while chanting.
The naga sharpshooter magically shoots an arrow.
The arrow hits you!
* * * LOW HITPOINT WARNING * * *
You block the naga mage's attack.
Unknown command.
Unknown command.
You impale the naga sharpshooter!!
The naga sharpshooter is almost dead.
* * * LOW HITPOINT WARNING * * *
You feel very sick. The naga mage casts a spell at you.
The bolt of poison misses you.
The naga sharpshooter shoots a bolt.
You block the bolt.
The naga mage points at you and mumbles some strange words.
The bolt of poison hits you.
You are more poisoned.
Unknown command.
Unknown command.
You impale the naga sharpshooter!!
You kill the naga sharpshooter!
Cheibriados thoroughly appreciates the change of pace.
You die...

.#...#..# .... .#...#..# .....
.##.##..# .N... .
..###...############.N)##..
....).).............N......
.).).......................
..)..)..)........NN).......
.).)...........).....).....
.).###'###....).@))........
.).#.....#.....))...)......
.).#.....#.................
...#^....#.................
)..#.....#.................
...#.....#)........$.......
.^.#######.###################
#...)......#.................#
#....))....#.................#


You could see a naga warrior, a naga sharpshooter, a naga mage (fast) and 2
nagas.

Vanquished Creatures
  Saint Roka (Snake:2)
  Vashnia (Snake:3)
  Mlioglotl (Snake:4)
  Rupert (Lair:4)
  Frances (D:12)
  Agnes (D:14)
  Kirke (D:13)
  5 nagarajas
  A frost giant (D:15)
  2 very ugly things (IceCv)
  Nessos (D:14)
  Josephine (D:11)
  Snorg (D:10)
  A fire dragon (D:15)
  Fannar (D:10)
  A vault guard (D:13)
  8 hydras
  A merfolk avatar (Lair:5)
  A catoblepas (Lair:4)
  6 ogre magi
  2 caustic shrike simulacra (IceCv)
  8 anacondas
  A death knight (D:14)
  3 centaur warriors
  23 two-headed ogres
  15 naga warriors
  4 boulder beetles
  Sonja (D:10)
  2 tengu warriors (D:15)
  Nergalle (Lair:3)
  3 shock serpents
  24 naga sharpshooters
  Amaemon (Lair:3)
  3 skeletal warriors (D:13)
  3 salamander mystics
  Lodul (D:10)
  2 skysharks (Lair:5)
  A sea snake (Snake:3)
  2 orange crystal statues (IceCv)
  12 naga ritualists
  A wizard (D:15)
  4 deep elf pyromancers
  9 ugly things
  2 orc sorcerers
  A moth of wrath (shapeshifter) (D:13)
  9 mana vipers
  3 manticores
  6 cyclopes
  9 salamanders
  3 guardian serpents
  38 black mambas
  3 elephants (Lair:5)
  2 gargoyles
  20 naga magi
  An orange demon (Lair:3)
  14 cane toads
  An unseen horror (D:11)
  Psyche (D:10)
  A rime drake (Lair:5)
  4 freezing wraiths
  A kobold demonologist (D:12)
  17 komodo dragons
  An anaconda simulacrum (IceCv)
  A golden dragon simulacrum (IceCv)
  2 tengu conjurers (D:13)
  9 trolls
  4 polar bears
  A queen bee (D:13)
  3 wind drakes
  A wind drake (shapeshifter) (D:14)
  9 meliai
  A hornet (D:9)
  2 meliai (shapeshifter)
  14 blink frogs
  Grinder (D:6)
  A jumping spider (shapeshifter) (D:13)
  2 snapping turtles (Lair:5)
  13 slime creatures
  A vampire (D:12)
  A dire elephant simulacrum (IceCv)
  A shadow (D:10)
  4 wyverns
  6 basilisks
  6 hogs (D:13)
  40 yaks
  Grum (D:10)
  6 wraiths
  2 steam dragons
  4 wargs
  2 vampire mosquitoes (D:12)
  40 nagas
  3 harpy simulacra (IceCv)
  4 acid dragons
  3 hydra simulacra (IceCv)
  19 water moccasins
  2 ice beasts
  3 black bears
  12 orc warriors
  2 ettin simulacra (IceCv)
  2 alligator simulacra (IceCv)
  9 centaurs
  39 ogres
  5 wolves
  5 boggarts (D:14)
  A phantom (D:6)
  2 kobold brigands (D:12)
  15 bullfrogs
  A gnoll sergeant (D:10)
  2 scorpions
  17 wights
  2 lindwurm simulacra (IceCv)
  31 killer bees
  2 electric eels
  A howler monkey (D:5)
  2 gnoll boudas (D:7)
  3 jellies
  A hound (D:7)
  4 orc priests
  3 iguanas
  18 orc wizards
  8 adders
  13 gnolls
  A shadow imp (D:8)
  A white imp (D:5)
  5 dart slugs
  34 orcs
  7 ball pythons
  3 endoplasms
  2 giant cockroaches (D:3)
  7 goblins
  7 hobgoblins
  4 jackals (D:3)
  13 kobolds
  3 quokkas
  9 bats
  3 frilled lizards (D:1)
  9 rats
820 creatures vanquished.

Vanquished Creatures (collateral kills)
  A naga ritualist (Snake:4)
  An elephant (Lair:5)
  3 cane toads
  A rime drake (Lair:1)
  A blink frog (Lair:4)
  A wyvern (Lair:4)
  A bullfrog (Lair:1)
  A scorpion (Lair:2)
  A killer bee (D:13)
  13 foxfires
24 creatures vanquished.

Vanquished Creatures (others)
  An orc wizard (Orc:1)
  1015 foxfires
  17 fungi
  55 plants
1088 creatures vanquished.

Grand Total: 1932 creatures vanquished

Notes
Turn   | Place    | Note
-------+----------+-------------------------------------------
     0 | D:1      | Morbidden the Vine Stalker Fire Elementalist began the
                  | quest for the Orb.
     0 | D:1      | Reached XP level 1. HP: 9/9 MP: 4/4
   266 | D:1      | Reached XP level 2. HP: 13/13 MP: 1/6
   456 | D:1      | Learned a level 2 spell: Scorch
   692 | D:1      | Found a faded altar of an unknown god.
  1049 | D:2      | Reached XP level 3. HP: 16/16 MP: 1/7
  1553 | D:2      | Found the +10 morningstar "Eos" {elec, Halo rElec}
  1605 | D:2      | Gained mutation: Your natural rate of healing is unusually
                  | fast. [Vine Stalker growth]
  1605 | D:2      | Reached XP level 4. HP: 9/21 MP: 7/9
  1610 | D:2      | Reached skill level 1 in Armour
  1653 | D:2      | Learned a level 3 spell: Stone Arrow
  2178 | D:3      | Reached XP level 5. HP: 24/24 MP: 7/10
  2530 | D:3      | Found a runed translucent door.
  2532 | D:3      | Noticed paps's ghost (amateur OpSu)
  2651 | D:3      | You fall into a shaft and drop 3 floors!
  2668 | D:6      | Reached skill level 1 in Maces & Flails
  2804 | D:6      | Reached skill level 3 in Spellcasting
  2814 | D:5      | Entered Level 5 of the Dungeon
  2843 | D:5      | Noticed a black bear
  2887 | D:5      | Noticed an ice beast
  2891 | D:5      | Killed an ice beast
  2892 | D:5      | Reached XP level 6. HP: 22/29 MP: 0/11
  3053 | D:5      | Killed a black bear
  3054 | D:5      | Reached skill level 1 in Fighting
  3054 | D:5      | Reached skill level 1 in Earth Magic
  3131 | D:5      | Reached skill level 1 in Short Blades
  3225 | D:5      | Reached XP level 7. HP: 23/33 MP: 5/13
  4123 | D:5      | Reached skill level 4 in Spellcasting
  4226 | D:5      | Reached skill level 1 in Evocations
  4451 | D:5      | Found Deaq's Magic Scroll Emporium.
  4454 | D:5      | Bought a scroll of teleportation for 42 gold pieces
  4454 | D:5      | Bought a scroll of blinking for 105 gold pieces
  4454 | D:5      | Bought a scroll of poison for 56 gold pieces
  4559 | D:5      | Gained mutation: You have razor-sharp teeth. [Vine Stalker
                  | growth]
  4559 | D:5      | Reached XP level 8. HP: 37/37 MP: 10/15
  4864 | D:6      | Noticed Grinder
  4870 | D:6      | Killed Grinder
  5024 | D:6      | Reached skill level 5 in Fire Magic
  5369 | D:6      | Reached skill level 5 in Spellcasting
  5369 | D:6      | Reached XP level 9. HP: 43/43 MP: 9/17
  5517 | D:6      | Learned a level 3 spell: Volatile Blastmotes
  6181 | D:7      | Found a staircase to the Ecumenical Temple.
  6188 | Temple   | Entered the Ecumenical Temple
  6269 | Temple   | Became a worshipper of Cheibriados the Contemplative
  6791 | D:8      | Reached skill level 6 in Spellcasting
  6809 | D:7      | Reached skill level 1 in Invocations
  7052 | D:7      | Reached * piety under Cheibriados
  7076 | D:8      | Reached skill level 1 in Translocations
  7563 | D:8      | Reached XP level 10. HP: 49/49 MP: 15/20
  7795 | D:8      | Found Cioqoph's Antique Weapon Shop.
  8044 | D:9      | Learned a level 3 spell: Call Canine Familiar
  8270 | D:9      | Found a hazy altar of Hepliaklqana.
  8292 | D:9      | Reached ** piety under Cheibriados
  8562 | D:9      | Found a staircase to the Orcish Mines.
  8614 | D:9      | Reached skill level 7 in Spellcasting
  8614 | D:9      | Reached skill level 1 in Summonings
  8627 | D:9      | Reached skill level 5 in Maces & Flails
  8927 | D:10     | Entered Level 10 of the Dungeon
  8930 | D:10     | Noticed Sonja
  8934 | D:10     | Paralysed by Sonja for 2 turns
  8943 | D:10     | Killed Sonja
  8944 | D:10     | Reached XP level 11. HP: 47/52 MP: 6/22
  9028 | D:10     | Found a runed translucent gate.
  9029 | D:10     | Found a runed translucent gate.
  9029 | D:10     | Found a runed translucent gate.
  9029 | D:10     | a floating eye changed into a cyclops
  9029 | D:10     | Noticed a cyclops (glowing shapeshifter)
  9031 | D:10     | Noticed a white ugly thing
  9031 | D:10     | Noticed a green ugly thing
  9031 | D:10     | a cyclops changed into a shining eye
  9031 | D:10     | Noticed a shining eye (glowing shapeshifter)
  9033 | D:10     | Noticed a white ugly thing
  9034 | D:10     | Noticed a cyan ugly thing
  9035 | D:10     | a shining eye changed into a swamp dragon
  9035 | D:10     | Noticed a swamp dragon (glowing shapeshifter)
  9035 | D:10     | Noticed a brown ugly thing
  9037 | D:10     | Noticed a glowing orange brain
  9042 | D:10     | a swamp dragon changed into a torpor snail
  9049 | D:10     | a torpor snail changed into a glowing orange brain
  9049 | D:10     | Noticed a glowing orange brain (glowing shapeshifter)
  9051 | D:10     | a glowing orange brain changed into a lindwurm
  9051 | D:10     | Noticed a lindwurm (glowing shapeshifter)
  9055 | D:10     | a lindwurm changed into a komodo dragon
  9058 | D:10     | Noticed a salamander
  9060 | D:10     | a salamander changed into a yaktaur
  9072 | D:10     | a floating eye changed into a shock serpent
  9072 | D:10     | Noticed a shock serpent (glowing shapeshifter)
  9299 | D:10     | Found an iron altar of Okawaru.
  9299 | D:10     | Found a glowing silver altar of Zin.
  9301 | D:10     | Found a stormy altar of Qazlal.
  9306 | D:10     | Found a runed translucent door.
  9319 | D:10     | Found a runed translucent door.
  9332 | D:10     | Found a runed translucent door.
  9337 | D:10     | Noticed Psyche
  9346 | D:10     | Killed Psyche
  9469 | D:10     | Noticed Lodul
  9480 | D:10     | Reached *** piety under Cheibriados
  9482 | D:10     | Killed Lodul
  9775 | D:10     | Found a runed translucent door.
  9798 | D:10     | Noticed Snorg
  9814 | D:10     | Killed Snorg
 10027 | D:10     | Reached skill level 8 in Spellcasting
 10030 | D:10     | Noticed Grum
 10042 | D:10     | Killed Grum
 10749 | D:11     | Noticed a two-headed ogre
 10756 | D:11     | Killed a two-headed ogre
 10757 | D:11     | Reached skill level 5 in Conjurations
 10844 | D:11     | Noticed a manticore
 10854 | D:11     | Killed a manticore
 11103 | D:11     | Reached **** piety under Cheibriados
 11154 | D:11     | Noticed Josephine
 11157 | D:11     | Noticed a purple ugly thing
 11163 | D:11     | Killed Josephine
 11164 | D:11     | Reached XP level 12. HP: 55/58 MP: 19/25
 11172 | D:11     | Reached skill level 5 in Earth Magic
 11203 | D:11     | Noticed Fannar
 11210 | D:10     | Found an ornate altar of the Wu Jian Council.
 11210 | D:10     | Found a broken altar of Ashenzari.
 11261 | D:10     | Killed Fannar
 11709 | D:11     | Noticed a two-headed ogre
 11717 | D:11     | Killed a two-headed ogre
 11849 | D:11     | Found a staircase to the Lair.
 11996 | Lair:1   | Entered Level 1 of the Lair of Beasts
 12241 | Lair:1   | Reached ***** piety under Cheibriados
 12438 | Lair:1   | Found a transporter.
 12528 | Lair:1   | Found a transporter.
 12968 | Lair:1   | Reached skill level 5 in Dodging
 13140 | Lair:2   | Noticed a five-headed hydra
 13148 | Lair:2   | Killed a five-headed hydra
 13149 | Lair:2   | Reached skill level 9 in Spellcasting
 13177 | Lair:2   | Reached skill level 5 in Fighting
 13365 | Lair:2   | Reached XP level 13. HP: 59/63 MP: 14/27
 13368 | Lair:2   | Reached skill level 5 in Evocations
 13420 | Lair:2   | Learned a level 4 spell: Airstrike
 13448 | Lair:2   | Found a staircase to the Shoals.
 13483 | Lair:2   | Reached skill level 5 in Short Blades
 13715 | Lair:2   | Reached skill level 5 in Armour
 14109 | Lair:3   | Noticed Nergalle
 14123 | Lair:3   | Killed Nergalle
 14143 | Lair:3   | Reached skill level 1 in Air Magic
 14446 | Lair:3   | Noticed Amaemon
 14460 | Lair:3   | Killed Amaemon
 14462 | Lair:3   | Reached ****** piety under Cheibriados
 14970 | Lair:3   | Found a staircase to the Snake Pit.
 15504 | Lair:4   | Reached skill level 5 in Invocations
 15631 | Lair:4   | Found a viscous altar of Jiyva.
 15631 | Lair:4   | Found a staircase to the Slime Pits.
 15829 | Lair:4   | Noticed Rupert
 15837 | Lair:4   | Killed Rupert
 15838 | Lair:4   | Reached skill level 10 in Spellcasting
 15838 | Lair:4   | Reached XP level 14. HP: 58/69 MP: 15/29
 16114 | Lair:5   | Entered Level 5 of the Lair of Beasts
 16158 | Lair:5   | Identified a scroll of acquirement
 16158 | Lair:5   | Acquired an amulet of magic regeneration
 16449 | Lair:5   | Reached skill level 5 in Summonings
 16718 | Lair:5   | Learned a level 4 spell: Manifold Assault
 16837 | Lair:5   | Found the ring of the Octopus King
 16853 | Lair:5   | Identified a ring of the Octopus King {rN+ HP+2 AC+2 EV+2
                  | SH+2}
 17871 | D:12     | Noticed Frances
 17879 | D:12     | Killed Frances
 18494 | D:13     | Reached XP level 15. HP: 74/74 MP: 30/30
 18597 | D:13     | Noticed Kirke
 18605 | D:13     | Killed Kirke
 18959 | D:13     | Found a gate to the Vaults.
 19301 | D:14     | Reached skill level 11 in Spellcasting
 19506 | D:14     | Reached skill level 5 in Air Magic
 19577 | D:14     | Noticed Nessos
 19593 | D:14     | Killed Nessos
 19815 | D:14     | Noticed Agnes
 19820 | D:14     | Killed Agnes
 19847 | D:14     | Found Ishresil's Assorted Antiques.
 19855 | D:14     | Bought a tower shield for 117 gold pieces
 20086 | D:15     | Entered Level 15 of the Dungeon
 20126 | D:15     | Found a frozen archway.
 20135 | IceCv    | Entered an ice cave
 21086 | D:15     | Reached skill level 1 in Shields
 21372 | D:15     | Reached XP level 16. HP: 80/80 MP: 24/32
 21582 | D:15     | Found a staircase to the Depths.
 22092 | Orc:1    | Entered Level 1 of the Orcish Mines
 22278 | Orc:1    | Found Citier's General Store.
 22294 | Orc:1    | Bought a scroll of blinking for 82 gold pieces
 22294 | Orc:1    | Bought a scroll of teleportation for 33 gold pieces
 22540 | Orc:2    | Entered Level 2 of the Orcish Mines
 22908 | Orc:2    | Found a staircase to the Elven Halls.
 23425 | Orc:2    | Reached skill level 12 in Spellcasting
 23439 | Orc:2    | Reached skill level 5 in Translocations
 23501 | Orc:2    | Reached skill level 10 in Maces & Flails
 23559 | Orc:2    | Found Metaklul's Weapon Boutique.
 23559 | Orc:2    | Found Toawat's Book Emporium.
 23559 | Orc:2    | Found Gaxemot's Weapon Emporium.
 23559 | Orc:2    | Found Vofiudd's Armour Shop.
 23918 | Snake:1  | Entered Level 1 of the Snake Pit
 24855 | Snake:2  | You fall into a shaft and drop 1 floor!
 25146 | Snake:2  | Noticed Saint Roka
 25158 | Snake:2  | Reached XP level 17. HP: 31/84 MP: 10/34
 25166 | Snake:2  | HP: 3/86 [salamander/+0 trident (3)]
 25170 | Snake:2  | Killed Saint Roka
 26550 | Snake:3  | Noticed Vashnia
 26839 | Snake:3  | Reached skill level 13 in Spellcasting
 26881 | Snake:3  | Killed Vashnia
 27014 | Snake:4  | Entered Level 4 of the Snake Pit
 27014 | Snake:4  | Noticed Mlioglotl
 27035 | Snake:4  | Killed Mlioglotl
 27675 | Snake:4  | HP: 4/87 [poisoned by a naga ritualist (toxic radiance)]
 27676 | Snake:4  | HP: 1/87 [constriction (1)]
 27833 | Snake:4  | Reached XP level 18. HP: 90/90 MP: 36/36
 28732 | Snake:4  | HP: 3/138 [naga sharpshooter/arrow (4)]
 28733 | Snake:4  | HP: 1/138 [poisoned by a naga mage (bolt of poison)]
 28734 | Snake:4  | Succumbed to a naga mage's bolt of poison

Illustrated notes

Levels and vault maps discovered:
D:1:      minmay_arrival_split_and_join, layout_rooms,
          hellmonk_ecumenical_altar_blasted
D:2:      minmay_thinvault, layout_rooms, minmay_liquid_box, minivault_27
D:3:      layout_basic, ebering_ghost_inner_flame, nicolae_figureground_sparkle,
          uniq_ijyb
D:4:      layout_rooms
D:5:      minmay_spotlight, layout_basic, serial_shops, kennysheep_mini_moat,
          serial_park_tiny_2
D:6:      layout_basic, chequers_serial_rivers_large_b,
          corexii_item_surrounded_by_moat, uniq_grinder
D:7:      layout_basic, minmay_temple_entry_fiery
D:8:      layout_cave_pools, serial_shops, nicolae_inconvenience_store
D:9:      layout_basic, lemuel_doored_altar, orc_0_dummy, bh_walls_and_bars
D:10:     layout_stronghold, nicolae_overflow_hidden_temple, serial_rivers,
          chequers_serial_rivers_micro_a, chequers_serial_rivers_marsh,
          chequers_serial_rivers_micro_a, chequers_serial_rivers_large_a,
          chequers_serial_rivers_micro_d, chequers_serial_rivers_room_b,
          ploomutoo_gammafunk_ghost_potion_laboratory, hangedman_decor_points,
          minmay_statue_crystal_thing, uniq_lodul, uniq_sonja, uniq_snorg,
          uniq_grum, uniq_psyche
D:11:     layout_cave_pools, erik_lair_orcish_takeover, wad_dig_loot,
          uniq_josephine, uniq_fannar
D:12:     layout_basic, nicolae_straight_to_the_point, uniq_frances
D:13:     layout_loops_cross, david_vaults_5, special_room [special_room_bee],
          st_stairs_7, uniq_kirke
D:14:     layout_roguey, serial_shops, nicolae_shop_tiny_waterfront,
          uniq_nessos, uniq_agnes
D:15:     grunt_enter_depths_snipers, layout_long_grid, minmay_misc_feat_rows,
          portal_ice_cave_entry_pillars_2
Temple:   regret_index_temple_sphere_string
Lair:1:   gammafunk_worm_tunnel, layout_cellular_growth, grunt_megastairs_5,
          infiniplex_staircase_pool, lemuel_fruit_tree
Lair:2:   layout_misc_corridors, minmay_shoals_entry_beasts
Lair:3:   layout_regular_city, dummy_snake_entry, serial_bayou_shore_a,
          grunt_megastairs_1, uniq_nergalle, uniq_amaemon
Lair:4:   layout_cave_shapes, slime_entry_1, grunt_megastairs_2, uniq_rupert
Lair:5:   gammafunk_lair_ancient_temple, layout_cave_shapes, st_stairs_9,
          nicolae_quartered_pool_little
Snake:1:  layout_rooms
Snake:2:  layout_cave_town, uniq_saint_roka
Snake:3:  layout_onion, serial_bayou, serial_bayou_crossing,
          serial_bayou_pond_a, serial_bayou_pond_d, serial_bayou_pond_a,
          uniq_vashnia
Snake:4:  snake_pit, layout_cave_town, uniq_mlioglotl
Orc:1:    layout_diamond_mine, serial_shops, shop
Orc:2:    st_orc_ogre_mass, layout_caves

Skill      XL: |  1  2  3  4  5  6  7  8  9 10 11 12 13 14 15 16 17 18 |
---------------+-------------------------------------------------------+-----
Dodging        | 2 3 4 5 6 7 |  7.6
Armour         | 1 2 3 4 5 6 7 |  7.7
Maces & Flails | 1 2 3 4 5 6 7 8 9 10 | 10.9
Spellcasting   | 3 4 5 6 7 8 9 10 11 12 13 | 13.6
Conjurations   | 2 3 4 5 6 7 8 9 |  9.1
Fighting       | 1 2 3 4 5 6 7 8 |  8.0
Fire Magic     | 4 5 6 8 9 |  9.5
Earth Magic    | 1 2 3 4 5 |  5.8
Short Blades   | 1 2 3 4 5 |  5.0
Evocations     | 1 2 3 4 5 6 7 8 |  8.0
Invocations    | 1 3 4 5 6 7 8 |  8.0
Translocations | 1 2 4 6 7 |  7.6
Summonings     | 1 2 3 4 5 6 7 |  7.7
Stealth        | 3 |  3.7
Air Magic      | 2 4 5 6 7 |  7.7
Shields        | 1 2 3 4 |  4.2
Throwing       | |  0.6

Action                     |  1- 3 |  4- 6 |  7- 9 | 10-12 | 13-15 | 16-18 || total
---------------------------+-------+-------+-------+-------+-------+-------++-------
  Melee: Dagger            |    12 |       |       |       |       |       ||    12
         Bite              |    11 |     3 |    20 |    57 |   181 |   105 ||   377
         Morningstar       |     7 |    25 |    54 |   147 |   540 |   908 ||  1681
         Punch             |       |       |       |     2 |     5 |     1 ||     8
  Throw: Dart              |       |       |       |     4 |    16 |    11 ||    31
         Boomerang         |       |       |       |       |       |    17 ||    17
   Cast: Foxfire           |    68 |    46 |   150 |   208 |   102 |    38 ||   612
         Scorch            |     7 |    11 |    31 |    53 |    43 |     1 ||   146
         Volatile Blastmot |       |       |    13 |     2 |     4 |       ||    19
         Stone Arrow       |       |       |     5 |    49 |    40 |       ||    94
         Call Canine Famil |       |       |       |    10 |    13 |       ||    23
         Airstrike         |       |       |       |       |   144 |   114 ||   258
         Manifold Assault  |       |       |       |       |    86 |   390 ||   476
 Invoke: Slouch            |       |       |       |       |     7 |     8 ||    15
         Step From Time    |       |       |       |       |       |     1 ||     1
  Evoke: Wand              |       |       |       |     6 |     9 |    12 ||    27
         Box of beasts     |       |       |       |       |       |     1 ||     1
    Use: Scroll            |       |       |     1 |    10 |    13 |    16 ||    40
         Potion            |       |       |       |     1 |     2 |     8 ||    11
   Stab: Sleeping          |       |       |       |     1 |     1 |       ||     2
         Distracted        |       |       |       |       |     2 |       ||     2
         Paralysed         |       |       |       |       |     3 |       ||     3
 Armour: Robe              |     7 |     5 |     3 |       |       |       ||    15
         Leather armour    |       |       |     9 |       |       |       ||     9
         Acid dragon scale |       |       |     3 |     7 |       |       ||    10
         Troll leather arm |       |       |       |   101 |   174 |    87 ||   362
  Dodge: Dodged            |    23 |    19 |    58 |   181 |   491 |   294 ||  1066
  Block: Other             |       |       |       |       |    14 |     4 ||    18
         Kite shield       |       |       |       |       |       |   320 ||   320

Table legend: (Time is in decaauts)
 A = Elapsed time spent in this place.
 B = Non-inter-level travel time spent in this place.
 C = Inter-level travel time spent in this place.
 D = Time resting spent in this place.
 E = Time spent auto-exploring this place.
 F = Levels seen in this place.
 G = Mean time per level.
                   A        B        C        D        E       F      G
               +--------+--------+--------+--------+--------+-----+--------+
         Total |  39092 |  36809 |   2283 |   3319 |  27625 |  28 | 1396.1 |
       Dungeon |  19443 |  18112 |   1331 |   1373 |  13938 |  15 | 1296.2 |
        Temple |     98 |     83 |     15 |      0 |     64 |   1 |   98.0 |
          Lair |   8968 |   8463 |    505 |    249 |   7005 |   5 | 1793.6 |
     Snake Pit |   6785 |   6669 |    116 |    909 |   4535 |   4 | 1696.2 |
  Orcish Mines |   2736 |   2422 |    314 |    104 |   2035 |   2 | 1368.0 |
      Ice Cave |   1060 |   1060 |      0 |    684 |     47 |   1 | 1060.0 |
               +--------+--------+--------+--------+--------+-----+--------+

Top non-repeatable levels by time:
    D:10: 2689 daAuts
  Lair:5: 2269 daAuts
 Snake:4: 2149 daAuts
  Lair:3: 2148 daAuts
 Snake:2: 2039 daAuts
  Lair:1: 1822 daAuts
   Orc:2: 1674 daAuts
 Snake:3: 1539 daAuts
    D:13: 1532 daAuts
    D:11: 1522 daAuts
     D:7: 1476 daAuts
    D:15: 1459 daAuts
  Lair:2: 1451 daAuts
    D:12: 1365 daAuts
     D:2: 1362 daAuts
